[Event "Chinese Championship-B Men 2024"]
[Site "Liaocheng"]
[Date "2024.04.26"]
[Round "11.4"]
[White "Liu, Bei"]
[Black "Chen, Zimu(Js)"]
[Result "1/2-1/2"]
[ECO "D85"]
[WhiteElo "1964"]
[BlackElo "2075"]
[Annotator "TA"]
[PlyCount "103"]
[EventDate "2024.04.24"]
[EventType "swiss"]
[EventCountry "CHN"]
[SourceTitle "playchess.com"]
[Source "ChessBase"]
[SourceQuality "1"]
[TimeControl "5400+30"]

1. d4 Nf6 2. c4 g6 3. Nc3 d5 4. cxd5 Nxd5 5. e4 Nxc3 6. bxc3 Bg7 7. Nf3 c5 8. Be3 Qa5 9. Qd2 Nc6 10. Rc1 cxd4 11. cxd4 Qxd2+ 12. Kxd2 O-O 13. d5 Rd8 14. Ke1 Na5 15. Bg5 Kf8 16. Bd3 f6 (16... b6 $11) 17. Bf4 e5 {[%emt 0:01:00] White is slightly better.} 18. Bd2 b6 19. Bb4+ Ke8 20. Rc7 Bd7 21. Ba6 {[%emt 0:00:17] Against Rac8. White has more active pieces. The black rooks are passive.} Bf8 22. Bxf8 Kxf8 23. Ke2 Ke7 24. Rhc1 Kd6 25. Nd2 b5 26. R7c3 Rdb8 27. Ra3 Nb7 28. Bxb7 Rxb7 {[%emt 0:00:04] The position is equal.} 29. Ra6+ Rb6 30. Rxb6+ axb6 $11 {[%emt 0:00:05][%mdl 4096] Endgame. KRB-KRN} 31. Rc2 f5 32. f3 f4 33. g3 g5 34. g4 {[%emt 0:03:52] [#]} h5 $1 35. h3 Rh8 36. a3 Ra8 37. Rc3 Ra4 38. Rb3 h4 39. Kd3 Kc7 40. Nb1 Rd4+ 41. Ke2 Kd6 42. Nd2 Ra4 43. Kd3 Bc8 44. Kc2 Ba6 45. Kb2 Rd4 46. Kc2 Ra4 47. Kb2 Rd4 48. Kc2 b4 {[%emt 0:02:02] Prevents Rc3.} 49. Rxb4 Rxb4 50. axb4 Be2 51. Kc3 {[%emt 0:01:48] [#] Black must now prevent Nc4+.} Kc7 52. Kc2 {[%emt 0:04:28] Weighted Error Value: White=0.04 (flawless) /Black=0.04 (flawless) .  Mistake:       	---       	Black=1      Inaccurate:     	White=2     	---        OK:         	White=17    	Black=17     Best:        	White=1     	Black=1} 1/2-1/2

[Event "Chinese Championship-B Men 2024"]
[Site "Liaocheng"]
[Date "2024.04.26"]
[Round "11.5"]
[White "Wang, Zihang"]
[Black "Jiang, Haochen"]
[Result "0-1"]
[ECO "C54"]
[WhiteElo "1846"]
[BlackElo "2381"]
[Annotator "TA"]
[PlyCount "62"]
[EventDate "2024.04.24"]
[EventType "swiss"]
[EventCountry "CHN"]
[SourceTitle "playchess.com"]
[Source "ChessBase"]
[SourceQuality "1"]
[TimeControl "5400+30"]

1. e4 e5 2. Nf3 Nc6 3. Bc4 Bc5 4. c3 Nf6 5. d3 O-O 6. O-O d6 7. Re1 Re8 8. a4 {[%emt 0:05:38] Black must now prevent b4.} (8. b4 $5 Bb6 $8 9. a4 $11) 8... a5 9. h3 Be6 {[%emt 0:02:54] The position is equal.} 10. Bb5 Bd7 11. Nbd2 Ne7 12. Bxd7 Qxd7 13. Nf1 Ng6 14. Ng3 d5 15. Bg5 dxe4 16. dxe4 Qc6 17. Qb3 Nf4 {[%emt 0:10:07] [#]} 18. Nxe5 $2 {[%emt 0:03:43][%mdl 8192] This costs White the game.} Nxh3+ $19 19. gxh3 Rxe5 20. Bf4 {[%emt 0:01:48] [#]} Nxe4 $1 21. Bxe5 Bxf2+ 22. Kh2 Nd2 {[%emt 0:01:00] ( -> ...Nf3+)} 23. Qb5 {[%emt 0:00:50] [#]} Nf3+ $1 (23... Bxe1 24. Qxc6 bxc6 25. Bxc7 $17) 24. Kh1 {[%emt 0:00:29] Qxc6 is the strong threat.} ({Avoid the trap} 24. Kg2 $2 Nh4+ (24... Bxe1 $2 25. Qxc6 Nh4+ 26. Kf1 $18) (24... Nxe1+ 25. Kxf2 Qxb5 26. axb5 $19) 25. Kf1 Qf3 $19 (25... Bxe1 $2 26. Qxc6 bxc6 27. Rxe1 $18) (25... Qg2+ $2 26. Ke2 $19) (25... Bxe1 $2 26. Qxc6 bxc6 27. Rxe1 $18) (25... Qg2+ $2 26. Ke2 $19)) 24... Nxe5+ ({Not} 24... Bxe1 25. Qxc6 bxc6 26. Bxc7 $17) 25. Qxc6 Nxc6 26. Nf5 Bxe1 27. Rxe1 Kf8 {[%emt 0:00:09] Prevents Ne7.} 28. Nd4 (28. Ne3 $142) 28... Nxd4 29. cxd4 Rd8 30. Rc1 Rxd4 31. Rxc7 Rb4 {[%emt 0:00:12] Weighted Error Value: White=0.34/Black=0.02 (flawless) .  Loses game:     	White=1     	---        Mistake:       	White=1     	---        Inaccurate:     	---       	Black=1      OK:         	White=4     	Black=13     Best:        	White=3     	Black=3      Strong:       	---       	Black=2} (31... Rxa4 32. Rxb7 Rb4 33. Ra7 $19) 0-1

[Event "Chinese Championship-B Men 2024"]
[Site "Liaocheng"]
[Date "2024.04.26"]
[Round "11.6"]
[White "Xi, Qi"]
[Black "Cheng, Zihan"]
[Result "1-0"]
[ECO "E15"]
[WhiteElo "2217"]
[BlackElo "1819"]
[Annotator "TA"]
[PlyCount "67"]
[EventDate "2024.04.24"]
[EventType "swiss"]
[EventCountry "CHN"]
[SourceTitle "playchess.com"]
[Source "ChessBase"]
[SourceQuality "1"]
[TimeControl "5400+30"]

1. d4 Nf6 2. c4 e6 3. Nf3 b6 4. g3 Ba6 5. b3 Bb4+ 6. Bd2 Be7 7. Bg2 c6 8. O-O d5 9. Ne5 O-O 10. Bc3 Nfd7 11. Nxd7 Qxd7 {[%emt 0:02:30] The position is equal.} 12. Nd2 c5 {[%emt 0:01:02] [#]} (12... Bb7 $11) 13. cxd5 (13. dxc5 $1 $16 Bxc5 14. Ne4) 13... exd5 14. Nf3 (14. dxc5 $5 Bxc5 15. Nc4 $16) 14... Nc6 15. Qd2 c4 (15... Rac8 $11) 16. Ne5 $16 {[%emt 0:06:33] Black is on the road to losing.} Nxe5 17. dxe5 Rfd8 (17... cxb3 $142 18. Bxd5 (18. axb3 Bb7 $16) 18... Rad8 19. axb3 Qb5 (19... Bxe2 20. Bxf7+ Kxf7 21. Qxe2 $16)) 18. Rfd1 cxb3 19. Bxd5 (19. axb3 Bb7 $16) 19... Qb5 (19... Qg4 20. axb3 $11) 20. e4 {[%emt 0:02:18] Qf4 would now be deadly.} (20. axb3 Bb7 21. e4 Bc6) 20... Bb7 21. axb3 Bf8 (21... a5 $16 22. Qd3 Qe8) 22. b4 $18 a6 23. Qd3 {[%emt 0:01:27] aiming for Qxb5.} Qxd3 24. Rxd3 Rac8 (24... Be7 {might work better.} 25. Bxb7 Rxd3 26. Bxa8 Rxc3 27. Rxa6 Bxb4) 25. Rad1 ({Weaker is} 25. Bxb7 Rxd3 26. Bxc8 Rxc3 $16) 25... Bxd5 26. exd5 Rc4 27. d6 g5 {[%emt 0:02:09] [#]} (27... Rc6 $142 28. f4 h5) 28. f4 $1 gxf4 29. gxf4 Bh6 $2 (29... h5 30. f5 h4) 30. f5 {[%emt 0:01:04] White is clearly winning.} Bf4 31. e6 fxe6 32. fxe6 {[%emt 0:00:03] Black must now prevent e7.} Rxd6 33. Rxd6 Bxd6 34. Rxd6 {[%emt 0:00:12] Weighted Error Value: White=0.15 (very precise) /Black=0.53.  Mistake:       	White=1     	Black=7      Inaccurate:     	White=1     	Black=2      OK:         	White=7     	Black=5      Best:        	White=3     	Black=1} 1-0

[Event "Chinese Championship-B Men 2024"]
[Site "Liaocheng"]
[Date "2024.04.26"]
[Round "11.7"]
[White "Gong, Changda"]
[Black "Jin, Ruijun"]
[Result "1/2-1/2"]
[ECO "A13"]
[WhiteElo "2170"]
[BlackElo "1819"]
[Annotator "TA"]
[PlyCount "76"]
[EventDate "2024.04.24"]
[EventType "swiss"]
[EventCountry "CHN"]
[SourceTitle "playchess.com"]
[Source "ChessBase"]
[SourceQuality "1"]
[TimeControl "5400+30"]

1. c4 e6 2. g3 d5 3. Bg2 Nf6 4. Nf3 d4 5. d3 Bb4+ 6. Bd2 a5 7. O-O Nc6 8. e3 O-O 9. Na3 e5 10. exd4 Bxa3 (10... Nxd4 $11 11. Bxb4 axb4) 11. bxa3 $14 exd4 12. Rb1 h6 13. Re1 Ra7 14. Qc2 Be6 15. Rb5 b6 16. c5 Qd7 {[%emt 0:09:28] [#]} ({Black should play} 16... Bd7 $1 $14) 17. cxb6 (17. Qc1 $1 $16) 17... cxb6 18. Rxb6 Rc8 19. Rc1 (19. Qb1 $5) 19... Rac7 {[%emt 0:07:52][%cal Oc6e5] ...Ne5! would now be deadly.} 20. Qb2 (20. Qd1 $14) 20... Nd5 $11 21. Rb5 (21. Nxd4 $2 Nxd4 (21... Nxb6 22. Nxe6 Qxe6 23. Qxb6 $15) 22. Rxc7 Nxc7 $19) 21... a4 (21... Nc3 $1 $11 {remains equal.} 22. Bxc3 Nb4 23. Bxb4 (23. Rxa5 $2 Nxd3 24. Qb5 Qxb5 $19) 23... Rxc1+ 24. Be1 R1c2 (24... R8c2 25. Rb8+ Kh7 26. Qb5 $11)) 22. Rbc5 {[%emt 0:02:20] White is much more active.} (22. Nxd4 $2 Nxd4 23. Rxc7 Nxc7 $19) (22. h4 $142) 22... Qd6 $16 23. R5c2 $36 {[%emt 0:13:07][%mdl 2048] White is on the roll.} (23. Nxd4 $2 Nxd4 24. Rxc7 Nxc7 $19) 23... Rb8 24. Qa1 Rbc8 25. Rc5 (25. Nxd4 $2 {is the wrong capture.} Nxd4 26. Rxc7 Nxc7 $19) 25... Nc3 26. R5xc3 dxc3 27. Bf4 {[%emt 0:00:02] This pair of bishops is nice.} Qxd3 28. Bxc7 Rxc7 29. Qxc3 Qxc3 30. Rxc3 {[%emt 0:00:01] [#] Ne5 is the strong threat.} Rc8 31. Ne1 ({Better is} 31. Bf1 $16) 31... Ne7 32. Rxc8+ Nxc8 $11 {[%emt 0:00:04][%mdl 4096] Endgame. KBN-KBN} 33. Nd3 Bxa2 34. Bc6 Nb6 {[%emt 0:00:04] The position is equal.} 35. Nc5 Bb3 ({But not} 35... Nc4 $6 36. Bd5 $16 (36. Bxa4 Nxa3 37. f4 Bd5 $11)) 36. Kf1 Nc4 37. Bxa4 Bxa4 38. Nxa4 Nxa3 {[%emt 0:08:54] Weighted Error Value: White=0.15 (very precise) /Black=0.21 (precise) .  Mistake:       	White=4     	Black=3      Inaccurate:     	White=1     	Black=4      OK:         	White=11    	Black=9      Best:        	---       	Black=4} 1/2-1/2

[Event "Chinese Championship-B Men 2024"]
[Site "Liaocheng"]
[Date "2024.04.26"]
[Round "11.8"]
[White "Pan, Shi Tian Yu"]
[Black "Yu, Chaojie"]
[Result "1/2-1/2"]
[ECO "D30"]
[WhiteElo "2166"]
[BlackElo "2047"]
[Annotator "TA"]
[PlyCount "64"]
[EventDate "2024.04.24"]
[EventType "swiss"]
[EventCountry "CHN"]
[SourceTitle "playchess.com"]
[Source "ChessBase"]
[SourceQuality "1"]
[TimeControl "5400+30"]

1. d4 d5 2. Nf3 Nf6 3. e3 c6 4. c4 e6 5. Qc2 Nbd7 6. Nbd2 Bd6 7. Be2 O-O 8. O-O e5 9. dxe5 Nxe5 10. Nxe5 Bxe5 {[%emt 0:00:03] The position is equal.} 11. Nf3 Bc7 12. b3 dxc4 13. Bxc4 Bg4 14. Ba3 Bxf3 15. gxf3 (15. Bxf8 $2 {is the wrong capture.} Be4 16. Qc3 Kxf8 $19 (16... Qxf8 $2 17. f3 $19)) 15... Re8 16. Rfd1 {[%emt 0:04:08] Prevents Qd7.} Qc8 17. Kg2 {[%emt 0:01:00] Against Qh3+} Re5 18. h4 {[%emt 0:00:47] Wards off Rg5+} Rh5 19. Rh1 Qe8 20. Rag1 Rd8 21. Kf1 b5 22. Be2 Rhd5 {[%emt 0:00:25] Hoping for ...Rd2.} 23. Bb2 Be5 24. Bc1 {[%emt 0:00:32] Inhibits Rd2.} Qe7 25. f4 Rc5 26. Ba3 $2 (26. Qb1 $1 $11 {and White has nothing to worry.} Bc3 27. Bf3) 26... Rxc2 $19 27. Bxe7 Rdd2 $1 28. fxe5 {[%emt 0:00:43][%cal Og1g7] Rxg7+! would kill now.} Rxe2 ({But not} 28... Nd5 29. Bf6 Rxe2 30. Rxg7+ Kf8 31. Rh3 Rxf2+ 32. Kg1 $19) 29. exf6 $2 (29. Rh2 $19 Nd5 30. Bg5) 29... Rxf2+ 30. Ke1 {[%emt 0:00:00] [#]} Rfe2+ $2 (30... Rce2+ $1 31. Kd1 Rxa2 32. Ba3 Rxa3 33. Ke1 Rb2 (33... Rxf6 $2 34. Ke2 $19) 34. Rxg7+ Kf8 35. Rg8+ Kxg8 36. Rg1+ Kh8 37. Rg8+ Kxg8 38. h5 Ra1#) 31. Kf1 Rf2+ $2 (31... g6 $11 32. Rg5 Rf2+ 33. Ke1 Rxa2) 32. Ke1 {[%emt 0:00:00] [#]} Rfe2+ $2 {[%emt 0:00:03] Weighted Error Value: White=0.42/Black=0.15 (very precise) .  Loses game:     	White=2     	---        Missed win:     	---       	Black=1      Mistake:       	White=1     	---        Inaccurate:     	White=1     	---        OK:         	White=10    	Black=10     Best:        	---       	Black=3      Strong:       	---       	Black=1} (32... Rce2+ $1 {mates} 33. Kd1 Rxa2 34. Ba3 Rxa3 35. Ke1 Rb2 (35... Rxf6 $2 36. Ke2 $19) 36. Rxg7+ Kh8 37. Rg8+ Kxg8 38. Rg1+ Kh8 39. Rg8+ Kxg8 40. h5 Ra1#) 1/2-1/2

[Event "Chinese Championship-B Men 2024"]
[Site "Liaocheng"]
[Date "2024.04.26"]
[Round "11.9"]
[White "Xia, Jinnan"]
[Black "Zhang, Yinzhe"]
[Result "1-0"]
[ECO "E17"]
[WhiteElo "1819"]
[BlackElo "1927"]
[Annotator "TA"]
[PlyCount "125"]
[EventDate "2024.04.24"]
[EventType "swiss"]
[EventCountry "CHN"]
[SourceTitle "playchess.com"]
[Source "ChessBase"]
[SourceQuality "1"]
[TimeControl "5400+30"]

1. d4 Nf6 2. c4 e6 3. Nf3 b6 4. g3 Bb7 5. Bg2 Be7 6. O-O O-O 7. Re1 a5 8. Nc3 Ne4 9. Qd3 Nxc3 {[%emt 0:00:31] The position is equal.} 10. bxc3 Ra7 11. e4 d6 12. Nd2 Re8 13. f4 Nd7 14. Bb2 a4 15. a3 Ra5 16. Qc2 Qa8 17. Re2 Qa7 18. Rf1 Bf8 19. Kh1 Ba8 20. Ref2 Qa6 21. g4 Rb8 ({Black should play} 21... f5 $11) 22. Bc1 (22. g5 {is interesting.} b5 23. f5 bxc4 24. fxe6 fxe6 25. Rf7) 22... Re8 23. g5 Bb7 (23... f5 $14) 24. Qd1 (24. Kg1 $16) 24... Qa8 25. Kg1 f6 26. gxf6 (26. h4 $16) 26... Nxf6 $11 27. Qe2 {[%emt 0:04:21] And now e5 would win.} Qd8 (27... e5 $14) 28. e5 $18 Bxg2 29. Rxg2 Nd7 30. Kh1 c5 $2 (30... Re7 {was called for.} 31. Ne4 Qe8) 31. Rfg1 cxd4 32. cxd4 d5 33. Qh5 (33. Nf3 $142) 33... Qe7 (33... Re7 $142 34. Bb2 Nb8) 34. f5 exf5 35. Qxf5 (35. Nf3 $18 {aiming for Bh6.} Qf7 36. Qxf7+ Kxf7 37. Bd2) 35... g6 $2 (35... Qe6 $16 36. Qh5 Qf7 37. Qxf7+ Kxf7) 36. cxd5 Rxd5 {[%emt 0:01:17] [#]} 37. Qe4 Qf7 {[%emt 0:02:56][%cal Od7c5] [#]} 38. e6 $1 Qf5 39. Qxf5 (39. exd7 $2 Rxe4 40. Rg5 Qh3 (40... Qxg5 $2 41. Rxg5 Re1+ 42. Rg1 $19) 41. Nxe4 Qf3+ (41... Rxd4 $2 42. Nf6+ Kf7 43. R5g2 $19) 42. R1g2 Qxe4 $19 (42... Rxd7 $2 43. Nd2 $19)) 39... Rxf5 40. exd7 Rd8 41. Nc4 Rxd7 42. Bb2 b5 43. Ne3 Rf4 44. Rg4 Rf3 45. R4g3 Rf4 46. Rc1 b4 47. axb4 Bxb4 48. Rc8+ Bf8 $2 (48... Rf8 {is more resistant.} 49. Ng4 Rxc8 50. Nf6+ Kg7 51. Nxd7 Re8) 49. Nc4 Rf2 50. Kg1 Rdf7 (50... Rf5 $142 51. Ne5 Ra7) 51. d5 Rf1+ 52. Kg2 R1f2+ 53. Kh3 R7f5 54. d6 {[%emt 0:00:43] Threatens to win with d7.} Rh5+ 55. Kg4 {[%emt 0:00:04] d7 would now be deadly.} Rhxh2 56. Rf3 (56. d7 h5+ 57. Kg5 Kh7 58. Rxf8 (58. d8=B $2 Bh6#) 58... Rxf8 $18) 56... h5+ 57. Kf4 {[%emt 0:00:28] Threatening mate with d7.} g5+ 58. Ke3 (58. Kxg5 $2 Rxf3 59. Rc5 Rf1 $19) 58... Rxf3+ 59. Kxf3 {[%emt 0:00:01] White wants to mate with d7.} g4+ 60. Ke4 {[%emt 0:00:37] White mates.} Kf7 61. Ne5+ Ke6 62. d7 Rd2 63. Bd4 {[%emt 0:00:49] Weighted Error Value: White=0.29 (precise) /Black=0.47.  Loses game:     	---       	Black=1      Mistake:       	White=4     	Black=7      Inaccurate:     	White=3     	Black=4      OK:         	White=14    	Black=8      Best:        	White=2     	Black=1} ({And not} 63. d8=B Re2+ 64. Kd4 Bg7 $11 (64... Rxb2 $2 {loses.} 65. Rc6+ Bd6 66. Nc4 $18)) 1-0

[Event "Chinese Championship-B Men 2024"]
[Site "Liaocheng"]
[Date "2024.04.26"]
[Round "11.10"]
[White "Liu, Meng"]
[Black "Jin, Yueheng"]
[Result "1/2-1/2"]
[ECO "D12"]
[WhiteElo "1877"]
[BlackElo "2407"]
[Annotator "TA"]
[PlyCount "61"]
[EventDate "2024.04.24"]
[EventType "swiss"]
[EventCountry "CHN"]
[SourceTitle "playchess.com"]
[Source "ChessBase"]
[SourceQuality "1"]
[TimeControl "5400+30"]

1. d4 Nf6 2. Nf3 d5 3. e3 Bf5 4. c4 e6 5. Nc3 c6 6. Nh4 Bg4 7. Qb3 Qb6 8. h3 Bh5 9. g4 Bg6 10. Nxg6 hxg6 11. g5 Nfd7 12. Bd2 Na6 13. c5 Qxb3 14. axb3 Nc7 15. f4 a6 16. Kf2 Be7 17. Be2 f6 (17... e5 $1 $14) 18. h4 $16 Kf7 19. Rag1 Rag8 20. Bd3 Nf8 21. Ne2 {[%emt 0:00:00] White has more active pieces. The black rooks are passive.} e5 22. b4 ({Better is} 22. fxe5 $16 fxg5 23. hxg5) 22... e4 $14 {[%emt 0:00:00] White is slightly better.} 23. Bc2 Rh7 24. Kg2 Rgh8 25. Be1 Bd8 26. Bg3 Ke8 27. Nc3 Nfe6 28. Bd1 f5 29. Be2 Kd7 30. Rh2 Nf8 31. Ra1 {[%emt 0:00:00] Weighted Error Value: White=0.13 (very precise) /Black=0.14 (very precise) .  Mistake:       	White=1     	Black=2      Inaccurate:     	White=3     	Black=2      OK:         	White=7     	Black=6      Best:        	White=1     	---} 1/2-1/2

[Event "Chinese Championship-B Men 2024"]
[Site "Liaocheng"]
[Date "2024.04.26"]
[Round "11.11"]
[White "Xu, Ziyuan"]
[Black "Jiang, Qinyu"]
[Result "0-1"]
[ECO "B23"]
[WhiteElo "1872"]
[BlackElo "2319"]
[Annotator "TA"]
[PlyCount "106"]
[EventDate "2024.04.24"]
[EventType "swiss"]
[EventCountry "CHN"]
[SourceTitle "playchess.com"]
[Source "ChessBase"]
[SourceQuality "1"]
[TimeControl "5400+30"]

1. e4 c5 2. Nc3 Nc6 3. Bb5 Nd4 4. a4 a6 5. Bc4 g6 6. d3 Bg7 7. Nf3 e6 8. Nxd4 {[%emt 0:00:11] The position is equal.} cxd4 9. Ne2 Ne7 10. h4 d5 11. Bb3 dxe4 12. dxe4 Nc6 13. h5 e5 14. Ng3 Qe7 15. O-O O-O 16. h6 Bh8 17. Ra3 Be6 18. Nf5 Qd7 (18... gxf5 19. Bxe6 Qxe6 (19... fxe6 $2 20. Rg3+ $18) 20. exf5 (20. Rg3+ Bg7 $18) 20... Qxf5 21. Rf3 $18 (21. Rg3+ Bg7 $16)) (18... Bxf5 $6 19. exf5 Qd7 20. fxg6 hxg6 21. h7+ Kxh7 22. Ba2 $14) 19. Bxe6 fxe6 (19... Qxe6 $15 20. Rg3 Bf6) 20. Nh4 Bf6 21. Qg4 Nb4 22. f4 $2 (22. Bg5 $14 {keeps the upper hand.}) 22... Bxh4 (22... Nxc2 $17 23. Rd3 Nb4 (23... Qxa4 $2 24. Nxg6 hxg6 25. fxe5 $18)) 23. Qxh4 $15 Nxc2 24. Raf3 d3 {[#] Threatens to win with ...d2.} 25. Bd2 $2 (25. Rd1 $11 {and White is okay.} d2 26. Bxd2 (26. Rxd2 Nd4 $11)) 25... Qd4+ $2 (25... Qxa4 26. fxe5 (26. Rxd3 Nd4 $11) 26... Qd7 (26... Rxf3 $2 27. Rxf3 Qd4+ 28. Kh1 $18) 27. Rf6 $14) ({Black should try} 25... Nd4 $19 26. R3f2 exf4 (26... Qxa4 $2 27. fxe5 Nf5 28. Qf4 $18) 27. Bxf4 Ne2+ (27... Qxa4 $2 28. Bd6 $18) 28. Kh2 Nxf4 (28... Qxa4 29. Bb8) 29. Rxf4 Qd6 (29... Qxa4 30. Qe7)) 26. Kh1 {Qe7 would now be deadly.} Qxe4 27. Qe7 Rf7 28. Qxe6 ({White should play} 28. Qd6 $15) 28... Nd4 $1 $17 (28... Qxa4 29. fxe5 (29. Qxe5 Re8 $11) 29... Qh4+ 30. Kg1 Qe7 31. Qxf7+ Qxf7 32. Rxf7 Nd4 33. Rg7+ (33. Rxb7 g5 $18) 33... Kh8 34. e6 (34. Rxb7 Re8 35. Rff7 Ne6 36. Rfe7 Rc8 37. Rxe6 g5 38. Ree7 Kg8 39. Rg7+ Kh8 40. Rxh7+ Kg8 41. Rbg7+ Kf8 42. Rh8#)) 29. Qxe5 {[%emt 0:00:00][%mdl 8192] This move loses the game for White.} (29. Qc4 $17 {nothing else works.}) 29... Qxe5 $19 30. fxe5 Nxf3 31. gxf3 $17 {[%emt 0:00:00][%mdl 4096] Endgame. KRR-KRB} Rc7 32. Bc3 Kf7 33. Rd1 Rd7 34. Kg2 Rc8 35. Kf2 Rc4 36. a5 Rh4 37. Ke3 (37. Bd2 $142) 37... Ke6 38. Rxd3 Rxd3+ 39. Kxd3 $19 {[%emt 0:00:02] KR-KB} Kd5 40. Ke3 Rxh6 41. Kf4 Rh5 42. Kg4 Rf5 43. f4 Ke6 {[%emt 0:00:00] [#] And now ...h5+ would win.} 44. Bd2 Rh5 45. Bc3 h6 {[%emt 0:00:00] ...Rh1 is the strong threat.} 46. Bb4 Rh1 {[%emt 0:00:00] White must now prevent ...h5+.} 47. Bf8 h5+ 48. Kf3 Kf5 49. Kg2 {[%emt 0:01:17] Prevents Rf1.} Rb1 50. b4 Rb3 (50... Rc1 $142 51. Bh6 Rc4 52. Bg5 Rxb4 53. Kf3 Re4 54. Bh6 Ra4 55. Bg5 Rxa5 56. Ke3 Ra1 57. Be7 a5 58. Bc5 a4 59. Bb4 a3 60. Kd4 a2 (60... Kxf4 $2 61. Kd5 $19) 61. Bc3 Rc1 62. Bb2 Rb1 (62... a1=B 63. Bxa1 Rxa1 64. Kd3 h4 65. Kd4 h3 66. e6 Kxe6 67. Ke3 h2 68. f5+ Kxf5 69. Kd4 h1=Q 70. Kc4 Qc1+ 71. Kd3 Ra3+ 72. Kd4 b5 73. Kd5 Rd3#) 63. Kc3 h4 (63... a1=B 64. Bxa1 Rxa1 65. Kd2 h4 66. Ke3 h3 67. e6 h2 68. e7 h1=Q 69. e8=R Qc1+ 70. Kd3 Qa3+ 71. Kd4 Rd1+ 72. Kc4 Rc1+ 73. Kb5 Qb3+ 74. Ka5 Rc5#) 64. e6 Kxe6 (64... a1=B 65. e7 Bxb2+ 66. Kd2) 65. Kc2 h3 (65... a1=B 66. Kxb1 Bxb2 67. Kxb2 h3 68. Kc3 h2 69. Kd3 h1=Q 70. f5+ gxf5 71. Ke2 Qe4+ 72. Kd2 f4 73. Kc3 f3 74. Kd2 f2 75. Kc3 f1=Q 76. Kb2 Qfb1+ 77. Kc3 Qed3#) 66. Bh8 h2 (66... a1=B 67. Kxb1 Bxh8 68. Kc2 h2 69. Kd2 h1=Q 70. Kd3 Qf1+ 71. Kc2 Qe2+ 72. Kb3 Kd5 73. Kb4 Qb2+ 74. Ka4 Kc5 75. Ka5 Qb5#) 67. Kd3 h1=Q (67... h1=B 68. Bg7 b5 69. Kc2 b4 70. Kd3 b3 71. Ke3 b2 72. f5+ Kxf5 73. Bc3 a1=Q 74. Kd4 Rd1+ 75. Kc5 Qa7+ 76. Kb5 b1=Q+ 77. Bb2 Qxb2+ 78. Kc4 Bd5#) 68. Ke3 Rb3+ (68... Qxh8 69. f5+ gxf5 70. Kf4 Qd4+ 71. Kf3 Rb2 72. Kg3 Qg4#) 69. Bc3 Qe1+ (69... a1=B 70. Kf2 Qh2+ 71. Kf1 Bxc3 72. f5+ Kd5 73. fxg6 Rb1#) 70. Kf3 Rxc3+ (70... a1=B 71. Kg4 Qe2+ 72. Kh4 Bxc3 73. f5+ Kxf5 74. Kh3 Bf6#) 71. Kg2 Qe2+ 72. Kh1 a1=Q#) 51. Bd6 Rc3 (51... Re3 $142 52. Bf8 Re4 (52... Kxf4 $2 53. Kf2 $19) 53. Bh6 Rxb4 54. Bg5 Ra4 55. Kf3 Rxa5 56. Ke3 Ra4 57. Kd2 b5 58. Bh6 Rd4+ 59. Kc3 Rc4+ 60. Kb2 h4 61. e6 h3 (61... Kxe6 {leads to mate.} 62. f5+ gxf5 63. Be3 h3 64. Bg1 f4 65. Bh2 f3 66. Bg1 h2 67. Bxh2 f2 68. Bf4 f1=Q 69. Bg5 Qe2+ 70. Ka1 Qd1+ 71. Bc1 Rc2 72. Kb1 Qxc1#) 62. e7 Rc8 63. Bg7 h2 (63... Kxf4 {is a self mate.} 64. Bf8 h2 65. e8=Q Rxe8 66. Bd6+ Re5 67. Bc7 Kf5 68. Bxe5 Kxe5 69. Kc2 Kd4 70. Kc1 h1=Q+ 71. Kc2 Qf3 72. Kb2 Qd1 73. Ka3 Qc2 74. Kb4 Qc3#) 64. Bc3 h1=Q 65. e8=B Rxe8 66. Be5 Rc8 67. Bc3 Qd1 (67... Kxf4 {gets mated.} 68. Bg7 Qc1+ 69. Kb3 Qc4+ 70. Kb2 Qb4+ 71. Ka2 Rc2+ 72. Ka1 Qe1#) 68. Bg7 Rc2+ (68... Kxf4 69. Bf6 Rc2+ 70. Ka3 Qe1 71. Bd4 Qa5+ 72. Kb3 Qa4#) 69. Ka3 Qb1 70. Bh8 Ra2#) 52. Kf2 Rc4 53. Kg3 Rxf4 {[%emt 0:00:00] Weighted Error Value: White=1.25/Black=0.65.  Loses game:     	White=2     	---        Missed win:     	---       	Black=1      Mistake:       	White=3     	Black=2      Inaccurate:     	White=5     	Black=2      OK:         	White=11    	Black=12     Best:        	White=1     	Black=1      Strong:       	---       	Black=1} 0-1